 Dungeon Crawl Stone Soup version 0.22.1-1-ga44c0e5 (webtiles) character file.

3355 Irenicus the Cleaver (level 9, -6/74 HPs)
             Began as a Deep Dwarf Monk on Oct 10, 2018.
             Was a Priest of Makhleb.
             Mangled by a centaur warrior (9 damage)
             ... on level 9 of the Dungeon.
             The game lasted 00:23:34 (3961 turns).

Irenicus the Cleaver (Deep Dwarf Monk)              Turns: 3961, Time: 00:23:34

Health: -6/74      AC:  6    Str: 14    XL:     9   Next: 73%
Magic:  12/12      EV: 16    Int: 12    God:    Makhleb [***...]
Gold:   419        SH:  0    Dex: 18    Spells: 8/8 levels left

rFire    . . .     SeeInvis .   a - +0 hand axe
rCold    . . .     Gourm    .   (no shield)
rNeg     . . .     Faith    .   m - +0 leather armour
rPois    .         Spirit   .   q - +2 hat {MR+}
rElec    .         Reflect  .   (no cloak)
rCorr    .         Harm     .   (no gloves)
MR       ++...                  l - +0 pair of boots
Stlth    ++........             (no amulet)
HPRegen  0.00/turn              f - +3 ring of evasion
MPRegen  0.13/turn              (no ring)

@: non-regenerating
A: damage resistance, heal wounds, sense surroundings 2, no regeneration
a: Heal Wounds, Minor Destruction, Lesser Servant of Makhleb, Renounce Religion


You were on level 9 of the Dungeon.
You worshipped Makhleb.
Makhleb was most pleased with you.
You were not hungry.

You visited 2 branches of the dungeon, and saw 10 of its levels.

You collected 419 gold pieces.

Inventory:

Hand Weapons
 a - a +0 hand axe (weapon)
 x - a cursed -1 war axe
   (You found it on level 5 of the Dungeon)
Missiles
 G - a throwing net {=f, !d}
Armour
 b - a +0 robe
 i - a cursed +0 buckler
   (You found it on level 1 of the Dungeon)
 l - a +0 pair of boots (worn)
   (You found it on level 2 of the Dungeon)
 m - a +0 leather armour (worn)
   (You found it on level 3 of the Dungeon)
 q - a +2 hat of magic resistance (worn)
   (You found it on level 3 of the Dungeon)
Jewellery
 f - a +3 ring of evasion (left hand)
   (You found it on level 1 of the Dungeon)
Wands
 e - a wand of enslavement (12)
   (You found it on level 4 of the Dungeon)
 z - a wand of polymorph (12)
   (You found it on level 4 of the Dungeon)
 A - a wand of acid (7)
   (You found it on level 6 of the Dungeon)
 B - a wand of scattershot (7)
   (You found it on level 6 of the Dungeon)
 D - a wand of paralysis (12)
   (You found it on level 6 of the Dungeon)
Scrolls
 d - a scroll of magic mapping {!r}
 h - 3 scrolls of blinking {!r}
 j - 2 scrolls of fog {unknown}
 k - a scroll of fear {unknown}
 o - 2 scrolls of teleportation {unknown}
 p - 3 scrolls of remove curse
 s - a scroll of amnesia
 t - a scroll of noise {unknown}
 w - 4 scrolls of random uselessness {unknown}
 y - a scroll of brand weapon {unknown}
 H - a scroll of vulnerability {unknown}
 I - a scroll of acquirement {unknown}
 J - a scroll of enchant weapon {unknown}
Potions
 g - a potion of berserk rage {!q}
 n - 2 potions of resistance
 r - a potion of heal wounds
 u - 2 potions of brilliance
 v - 2 potions of curing
 C - 2 potions of agility {unknown}
 E - a potion of lignification {unknown}
 F - a potion of haste
 K - a potion of cancellation {unknown}
 L - a potion of flight {unknown}
Comestibles
 c - 17 rations


   Skills:
 - Level 2.6 Fighting
 + Level 13.8 Axes
 - Level 3.2 Dodging
 - Level 2.4 Stealth
 + Level 6.5 Evocations


You had 8 spell levels left.
You didn't know any spells.
Your spell library was empty.

Dungeon Overview and Level Annotations

Branches:
Dungeon (9/15)             Temple (1/1) D:5
   Lair: D:8-11         Orc: D:9-12

Altars:
Ashenzari
Cheibriados
Dithmenos
Elyvilon
Fedhas
Gozag
Hepliaklqana
Kikubaaqudgha
Makhleb
Nemelex Xobeh
Okawaru
Qazlal
Sif Muna
Trog
Vehumet
Wu Jian
Xom
Yredelemnul
Zin

Shops:
D:4 }((   D:6 *

Annotations:
D:3 2 transporters, ThePrince's ghost, amateur KoHu
D:7 exclusion: Harold, Harold


Innate Abilities, Weirdness & Mutations

You are resistant to damage.
You can heal yourself by infusing magical energy.
You passively map the area around you.
You do not regenerate.


Message History

The sky beast flickers out of sight!
Nothing appears to happen.
Something barely misses you.
You closely miss something. Something closely misses you.
You closely miss something. You hit something.
Something hits you but does no damage.
You miss something. You hit something. Something hits you but does no damage.
You miss something.
A sky beast appears from thin air!
The sky beast hits you but does no damage.
Aim: a sky beast (rain, lightly wounded, chance to defeat MR: 63%)
The sky beast suddenly stops moving!
The helpless sky beast fails to defend itself.
You hit the sky beast but do no damage.
The helpless sky beast fails to defend itself.
You slash the sky beast!
The helpless sky beast fails to defend itself.
You slash the sky beast!
You kill the sky beast!
Makhleb accepts your kill.
You feel better.
Your Evocations skill increases to level 6!
You regained 9 hp, and now have 66/74 hp.
You enter the shallow water.
Moving in this stuff is going to be slow.
You see here a sky beast corpse.
You see here 11 gold pieces.
You now have 419 gold pieces (gained 11).
You see here an embroidered robe.
You see here a fuming red potion.
L - a fuming red potion
Found an escape hatch in the ceiling.
A hound zombie comes into view.
Found a stone staircase leading down.
The helpless hound zombie fails to defend itself.
You slash the hound zombie! The hound zombie bites you.
You hit the hound zombie. You hit the hound zombie.
The hound zombie misses you.
You slash the hound zombie!
You destroy the hound zombie!
Makhleb accepts your kill.
There is a stone staircase leading down here.
You climb downwards.
A quokka, a yak, a hippogriff, a wyvern and a centaur warrior come into view.
The hippogriff screeches!
The centaur warrior shouts!
You hear a bellow!
There is a stone staircase leading up here.
A yak comes into view.
The yak moves out of view.
The centaur warrior wields a longbow.
The centaur warrior shoots an arrow.
The arrow hits you!! The hippogriff barely misses you. x2
The hippogriff claws you but does no damage.
You hear a bellow!
Found a glowing silver altar of Zin.
You see here an arrow.
You take 15 damage, and have 51/74 hp.
MASSIVE DAMAGE!!
The hippogriff misses you. The hippogriff barely misses you.
The hippogriff closely misses you.
You hit the hippogriff. You hit the hippogriff.
The hippogriff closely misses you. The hippogriff completely misses you.
The hippogriff closely misses you.
You slash the hippogriff! You hit the hippogriff.
The hippogriff bites you but does no damage.
The hippogriff barely misses you. The hippogriff claws you.
You take 3 damage, and have 48/74 hp.
You slash the hippogriff! The hippogriff closely misses you.
The hippogriff barely misses you. The hippogriff claws you.
You hit the hippogriff but do no damage.
You hit the hippogriff. You hit the centaur warrior.
The centaur warrior unwields an uncursed longbow.
The centaur warrior hits you. The hippogriff barely misses you.
The hippogriff pecks you.
The hippogriff claws you but does no damage.
You take 4 damage, and have 44/74 hp.
You hit the hippogriff.
You hit the centaur warrior but do no damage.
The centaur warrior misses you. The hippogriff misses you.
The hippogriff pecks you. The hippogriff claws you.
You take 4 damage, and have 40/74 hp.
You slash the hippogriff! You hit the wyvern but do no damage.
You hit the centaur warrior. The wyvern misses you.
The centaur warrior hits you.
You take 2 damage, and have 38/74 hp.
You slash the hippogriff!
You kill the hippogriff!
Makhleb accepts your kill.
You barely miss the wyvern. You hit the centaur warrior.
The wyvern barely misses you. The centaur warrior hits you!
You take 11 damage, and have 27/74 hp.
Aim: a wyvern (chance to defeat MR: 66%)
The wyvern suddenly stops moving!
The centaur warrior hits you!
* * * LOW HITPOINT WARNING * * *
You take 12 damage, and have 15/74 hp.
Aim: a centaur warrior (lightly wounded, chance to defeat MR: 49%)
The centaur warrior resists with some effort.
The centaur warrior barely misses you. The centaur warrior hits you!
* * * LOW HITPOINT WARNING * * *
You take 12 damage, and have 3/74 hp.
Okay, then.
You fail to use your ability.
The centaur warrior hits you!
You die...

* , , * , , , , *
, ,,.., , , ,,
**,,.. .., *... **
, ,, ** .##.#
.#...#Y * *
*,,..., ....... ,
* *#.. $..r... ,
,, #.,,
#r###.#..... , ,,,
,
#...###.c.........
,,,
#......@..........
, ,, , ,
,........l.....# ,
* ,
##########<...# ,
,, *
##8#**#........, ,
, , ,, #8...
#........, , , , *
#.... #.../...., *
, #_....
#........, ,,
##.... #........ ,
* 8 , ##....... ,


You could see a centaur warrior, a wyvern (paralysed) and a quokka.

Vanquished Creatures
  2 hippogriffs
  5 yaks (D:7)
  Eustachio (D:4)
  2 hungry ghosts
  A water moccasin (D:7)
  A sky beast (D:8)
  A phantom (D:4)
  4 ogres
  2 centaurs
  3 bullfrogs
  4 howler monkeys
  A crimson imp (D:7)
  A quasit (D:3)
  2 orc priests
  A jelly (D:8)
  A centaur skeleton (D:7)
  A hound (D:6)
  2 iguanas
  4 orc wizards
  3 worker ants
  A hound zombie (D:8)
  A hound skeleton (D:5)
  Robin (D:2)
  5 gnolls
  9 adders
  An ooze (D:1)
  4 adder skeletons
  A worm (D:2)
  2 dart slugs
  4 leopard geckos
  19 orcs
  8 bats
  7 giant cockroaches
  19 goblins
  4 hobgoblins
  8 jackals
  8 kobolds
  3 quokkas
  5 frilled lizards
  3 rats
  3 fungi (D:1)
158 creatures vanquished.

Vanquished Creatures (collateral kills)
  An orc priest (D:4)
  An orc (D:4)
  A giant cockroach (D:4)
3 creatures vanquished.

Vanquished Creatures (others)
  An orc (D:4)
  A jackal (D:4)
2 creatures vanquished.

Grand Total: 163 creatures vanquished

Notes
Turn   | Place    | Note
-------+----------+-------------------------------------------
     0 | D:1      | Irenicus the Deep Dwarf Monk began the quest for the Orb.
     0 | D:1      | Reached XP level 1. HP: 20/20 MP: 1/1
   222 | D:1      | Reached XP level 2. HP: 24/27 MP: 2/2
   223 | D:1      | Reached skill level 4 in Axes
   321 | D:1      | HP: 5/27 [gnoll/whip of draining (2)]
   326 | D:1      | Reached XP level 3. HP: 19/33 MP: 2/2
   579 | D:2      | Reached skill level 5 in Axes
   752 | D:2      | Reached XP level 4. HP: 14/40 MP: 3/3
   752 | D:2      | Noticed Robin
   765 | D:2      | HP: 6/40 [Robin/trident of protection (6)]
   767 | D:2      | Killed Robin
   936 | D:2      | HP: 4/40 [adder (2)]
  1028 | D:3      | Noticed an ogre
  1030 | D:3      | Found a transporter.
  1031 | D:3      | Noticed ThePrince's ghost (amateur KoHu)
  1037 | D:3      | Noticed an ogre
  1037 | D:3      | Noticed an ogre
  1039 | D:3      | Found a transporter.
  1135 | D:3      | Reached skill level 6 in Axes
  1196 | D:3      | Reached XP level 5. HP: 21/46 MP: 4/4
  1299 | D:4      | Found Xotar's Gadget Shop.
  1421 | D:4      | HP: 11/46 [orc priest/divine providence (10)]
  1425 | D:4      | Found Saash's Antique Weapon Shop.
  1431 | D:4      | HP: 6/46 [orc/whip (5)]
  1516 | D:4      | Noticed a phantom
  1523 | D:4      | Noticed Eustachio
  1550 | D:4      | Killed a phantom
  1550 | D:4      | Reached skill level 7 in Axes
  1550 | D:4      | Reached XP level 6. HP: 19/55 MP: 5/5
  1552 | D:4      | HP: 12/55 [Eustachio/rapier (7)]
  1557 | D:4      | HP: 11/55 [Eustachio/rapier (1)]
  1577 | D:4      | Killed Eustachio
  1577 | D:4      | Reached skill level 8 in Axes
  1581 | D:4      | HP: 13/55 [iguana (12)]
  1586 | D:4      | HP: 4/55 [ogre/giant club (16)]
  1589 | D:4      | Reached XP level 7. HP: 28/61 MP: 6/6
  1590 | D:4      | Reached skill level 9 in Axes
  1664 | D:4      | Found Kayffeq's Weapon Boutique.
  1897 | D:5      | Entered Level 5 of the Dungeon
  2070 | D:5      | Found a staircase to the Ecumenical Temple.
  2084 | D:5      | Reached skill level 10 in Axes
  2087 | D:5      | HP: 15/61 [centaur (3)]
  2102 | Temple   | Entered the Ecumenical Temple
  2109 | Temple   | Became a worshipper of Makhleb the Destroyer
  2109 | Temple   | Reached * piety under Makhleb
  2109 | Temple   | Reached ** piety under Makhleb
  2127 | Temple   | Reached XP level 8. HP: 33/68 MP: 7/7
  2605 | D:6      | Reached skill level 11 in Axes
  2760 | D:6      | Found Yjus's General Store.
  2828 | D:7      | HP: 7/68 [yak (11)]
  2845 | D:7      | Reached skill level 12 in Axes
  2862 | D:7      | HP: 8/68 [yak (12)]
  2870 | D:7      | Gained mutation: You passively map the area around you.
                  | [Deep Dwarf growth]
  2870 | D:7      | Reached XP level 9. HP: 40/74 MP: 8/8
  2932 | D:7      | Reached skill level 1 in Evocations
  2943 | D:7      | HP: 15/74 [iguana (7)]
  2975 | D:7      | Reached skill level 13 in Axes
  2975 | D:7      | Reached skill level 2 in Evocations
  2996 | D:7      | Noticed Harold
  3296 | D:7      | Reached skill level 3 in Evocations
  3327 | D:7      | Reached skill level 4 in Evocations
  3479 | D:7      | Reached *** piety under Makhleb
  3497 | D:7      | Reached skill level 5 in Evocations
  3807 | D:8      | Reached skill level 6 in Evocations
  3945 | D:9      | Noticed a centaur warrior
  3947 | D:9      | Found a glowing silver altar of Zin.
  3959 | D:9      | HP: 15/74 [centaur warrior (12)]
  3960 | D:9      | HP: 3/74 [centaur warrior (12)]
  3961 | D:9      | Mangled by a centaur warrior

Skill      XL: |  1  2  3  4  5  6  7  8  9 |
---------------+----------------------------+-----
Axes           | 4 5 6 7 8 10 12 13 | 13.8
Evocations     | 6 |  6.5
Fighting       | |  2.6
Dodging        | |  3.2
Stealth        | |  2.4

Action                   |  1- 3 |  4- 6 |  7- 9 || total
-------------------------+-------+-------+-------++-------
Melee: Hand axe          |   139 |   199 |   419 ||   757
 Abil: Heal Wounds       |     1 |     5 |     4 ||    10
Evoke: Wand              |       |     5 |     8 ||    13
  Use: Potion            |       |     3 |     2 ||     5
       Scroll            |       |     5 |     6 ||    11
 Stab: Sleeping          |     3 |     1 |     3 ||     7
       Invisible         |       |    27 |       ||    27
       Paralysed         |       |       |    21 ||    21
  Eat: Chunk             |       |     2 |     7 ||     9
       Ration            |       |       |     2 ||     2
Armor: Robe              |    15 |     8 |       ||    23
       Leather armour    |       |    37 |    81 ||   118
Dodge: Dodged            |   103 |   251 |   278 ||   632

Vault maps used:
D:1:      lemuel_arrival_lava_pool, minmay_gold_behind_fungi
D:2:      uniq_robin
D:3:      gammafunk_ghost_smash
D:4:      serial_shops, nicolae_shop_competitors_out_of_business, shop,
          shop_fountains, amethyst_killhole, uniq_eustachio
D:5:      minmay_temple_entry_overgrown, first_ration
D:6:      serial_shops, nicolae_shop_temple_entry_statues_fountains
D:7:      grunt_ogre_cave, uniq_harold
D:8:      hangedman_decor_slide_cut
D:9:      nicolae_overflow_hidden_temple, nicolae_ru_path_of_blood,
          nicolae_overflow_crystal_walls, orc_david_3
Temple:   nicolae_temple_no_exploring_needed

Table legend:
 A = Turns spent in this place as a percentage of turns spent in the entire game.
 B = Non-inter-level travel turns spent in this place as a percentage of non-inter-level travel turns spent in the entire game.
 C = Inter-level travel turns spent in this place as a percentage of turns spent in this place.
 D = Turns resting spent in this place as a percentage of non-inter-level travel turns spent in this place.
 E = Turns spent auto-exploring this place as a percentage of non-inter-level travel turns spent in this place.
 F = Non-inter-level travel turns spent in this place divided by the number of levels of this place that you've seen.
                   A       B       C       D       E      F
               +-------+-------+-------+-------+-------+----------------------
         Total | 100.0 | 100.0 |   3.1 |   0.0 |   1.9 | 383.8
       Dungeon |  99.4 |  99.3 |   3.1 |   0.0 |   1.9 | 423.7
        Temple |   0.6 |   0.7 |   0.0 |   0.0 |   0.0 |  25.0
               +-------+-------+-------+-------+-------+----------------------

Table legend:
 A = Kills in this place as a percentage of kills in entire the game.
 B = Kills by you in this place as a percentage of kills by you in the entire game.
 C = Kills by friends in this place as a percentage of kills by friends in the entire game.
 D = Other kills in this place as a percentage of other kills in the entire game.
 E = Experience gained in this place as a percentage of experience gained in the entire game.
 F = Experience gained in this place divided by the number of levels of this place that you have seen.
                   A       B       C       D       E      F
               +-------+-------+-------+-------+-------+----------------------
         Total | 100.0 | 100.0 | 100.0 | 100.0 | 100.0 | 479.4
       Dungeon |  98.7 |  98.7 | 100.0 | 100.0 |  98.9 | 526.8
        Temple |   1.3 |   1.3 |   0.0 |   0.0 |   1.1 |  53.0
               +-------+-------+-------+-------+-------+----------------------
